AoeStats
← G2_pizza

Arabia

508185437Analyzed
1v1 RM · 13d ago on Sep 21, 2026· 42m 52s· 2 players
Game mode
Random Map
Map size
Tiny (2 player)
Population
200
Speed
Normal
Resources
Standard
Victory
Conquest
Starting age
Dark Age
Ending age
Imperial Age
RankedLock teamsTeams togetherTeam positionsShared explorationLock speedFull tech treeHidden civsTurbo modeCheats
Victory
Defeat
🇹🇼 Chinese · Taiwan
1595
+13
🇨🇳 Burgundians · China
1537
-13
G2_pizza
6:47 Loom
9:27 Feudal Age
10:06 Double-Bit Axe
11:07 Bow Saw
12:52 Horse Collar
20:44 Castle Age
18:55 Scale Barding Armor
19:20 Forging
19:12 Gold Mining
20:40 Heavy Plow
22:21 Chain Barding Armor
36:34 Imperial Age
34:40 Wheelbarrow
34:26 Fervor
34:37 Sanctity
37:11 Hand Cart
36:17 Cavalier
36:57 Husbandry
38:04 Two-Man Saw
40:33 Plate Barding Armor
40:34 Iron Casting
41:50 Elite Skirmisher
greatsurferTW
0:25 Loom
8:48 Feudal Age
10:25 Double-Bit Axe
12:16 Horse Collar
14:42 Fletching
20:39 Castle Age
20:23 Padded Archer Armor
21:19 Bodkin Arrow
21:57 Bow Saw
22:07 Scale Mail Armor
21:59 Crossbowman
24:51 Forging
24:52 Squires
25:06 Gold Mining
27:59 Chain Mail Armor
29:30 Heavy Plow
32:49 Iron Casting
32:04 Arson
36:53 Imperial Age
35:37 Pikeman
37:26 Wheelbarrow
37:36 Bracer
37:01 Halberdier
38:23 Ballistics
39:45 Hand Cart
40:27 Plate Mail Armor
41:14 Conscription
42:37 Chemistry
Connection lost

Rejoining the realm…

Still unreachable

The connection could not be restored.

Session expired

The server has moved on; the page needs a fresh start.